TOP OF THE 1ST |
Kingston Iguanas batting - Pitching for Rio Grande Rattlesnake : RHP Gene O'Neal
|
Pitching: RHP Gene O'Neal
|
|
Batting: RHB Jesús Villalobos
|
0-0: Ball 1-0: Ball 2-0: Ball 3-0: Called Strike 3-1: SINGLE (Line Drive, 7LS)
|
Batting: RHB Francisco Martínez
|
0-0: Ball 1-0: Swinging Strike 1-1: Called Strike 1-2: Strikes out swinging
|
Batting: RHB Luis Aguilar
|
0-0: Called Strike 0-1: Foul Ball, location: 2F 0-2: Ball 1-2: Ball 2-2: Strikes out swinging
|
Batting: LHB Carlton López
|
0-0: Ball 1-0: SINGLE (Groundball, 56) (infield hit) Jesús Villalobos to second
|
Batting: RHB Tim Davis
|
0-0: Fly out, F6 (Popup, 6D)
|
Top of the 1st over - 0 run(s), 2 hit(s), 0 error(s), 2 left on base; Kingston 0 - Rio Grande 0 |
BOTTOM OF THE 1ST |
Rio Grande Rattlesnake batting - Pitching for Kingston Iguanas : RHP Brandon Malet
|
Pitching: RHP Brandon Malet
|
|
Batting: SHB William Daly
|
0-0: Ball 1-0: Ball 2-0: Ball 3-0: Called Strike 3-1: Base on Balls
|
Batting: LHB Claudio Rodríguez
|
0-0: Called Strike 0-1: Ball 1-1: Ball Wild Pitch! William Daly to second 2-1: Swinging Strike 2-2: Ball 3-2: Ground out 6-3 (Groundball, 6)
|
Batting: RHB Paul Martin
|
0-0: Foul Ball, location: 2F 0-1: Ball 1-1: Called Strike 1-2: Foul Ball, location: 2F 1-2: Ball 2-2: Ball 3-2: SINGLE (Line Drive, 4MD) William Daly to third Runner from 3rd tries for Home, SAFE, no throw
|
Batting: RHB Miguel Hernández
|
0-0: Ball 1-0: Ball 2-0: Called Strike 2-1: Foul Ball, location: 2F 2-2: Ball 3-2: Strikes out looking
|
Batting: RHB Joe Courtier
|
0-0: Ball 1-0: Ball 2-0: Fielders Choice at 2nd, 4-6 (Groundball, 4)
|
Bottom of the 1st over - 1 run(s), 1 hit(s), 0 error(s), 0 left on base; Kingston 0 - Rio Grande 1 |
TOP OF THE 2ND |
Kingston Iguanas batting - Pitching for Rio Grande Rattlesnake : RHP Gene O'Neal
|
Batting: RHB Matt Rodríguez
|
0-0: Swinging Strike 0-1: Foul Ball, location: 2F 0-2: Foul Ball, location: 2F 0-2: Ball 1-2: Ball 2-2: Strikes out swinging
|
Batting: LHB Mike Godfrey
|
0-0: Ball 1-0: Foul Ball, location: 2F 1-1: Swinging Strike 1-2: Fly out, F5 (Flyball, 56D)
|
Batting: RHB Bobby Armstrong
|
0-0: Called Strike 0-1: Ball 1-1: Foul Ball, location: 2F 1-2: Ball 2-2: Foul Ball, location: 2F 2-2: Ground out 6-3 (Groundball, 6)
|
Top of the 2nd over - 0 run(s), 0 hit(s), 0 error(s), 0 left on base; Kingston 0 - Rio Grande 1 |
BOTTOM OF THE 2ND |
Rio Grande Rattlesnake batting - Pitching for Kingston Iguanas : RHP Brandon Malet
|
Batting: RHB Gary Thomas
|
0-0: Hit by Pitch
|
Batting: RHB Rafael Carreón
|
0-0: Called Strike 0-1: Foul Ball, location: 2F 0-2: Ball 1-2: Foul Ball, location: 2F 1-2: Foul Ball, location: 2F 1-2: SINGLE (Groundball, 34D) Gary Thomas to second Runner from 2nd tries for 3rd, SAFE, throw made to third
|
Batting: RHB Iván De Jesús
|
0-0: Called Strike 0-1: Grounds into double play, 6-4-3 (Groundball, 6) Gary Thomas scores
|
Batting: RHB Jeff Bane
|
0-0: Foul Ball, location: 2F 0-1: Swinging Strike 0-2: Ball 1-2: Ball 2-2: Ball 3-2: Strikes out looking
|
Bottom of the 2nd over - 1 run(s), 1 hit(s), 0 error(s), 0 left on base; Kingston 0 - Rio Grande 2 |
TOP OF THE 3RD |
Kingston Iguanas batting - Pitching for Rio Grande Rattlesnake : RHP Gene O'Neal
|
Batting: LHB Will Holt
|
0-0: Called Strike 0-1: Ball 1-1: Ball 2-1: Fly out, F8 (Flyball, 8RD)
|
Batting: RHB Jesús Villalobos
|
0-0: Ball 1-0: Ball 2-0: Ball 3-0: Base on Balls
|
Batting: RHB Francisco Martínez
|
0-0: Called Strike Jesús Villalobos is caught stealing 2nd base 0-1: Called Strike 0-2: Strikes out looking
|
Top of the 3rd over - 0 run(s), 0 hit(s), 0 error(s), 0 left on base; Kingston 0 - Rio Grande 2 |
BOTTOM OF THE 3RD |
Rio Grande Rattlesnake batting - Pitching for Kingston Iguanas : RHP Brandon Malet
|
Batting: SHB William Daly
|
0-0: DOUBLE (Line Drive, 89D)
|
Batting: LHB Claudio Rodríguez
|
0-0: Called Strike 0-1: Swinging Strike 0-2: Ball 1-2: Foul Ball, location: 2F 1-2: Foul Ball, location: 2F 1-2: SINGLE (Groundball, 4D) William Daly to third Runner from 3rd tries for Home, SAFE, no throw
|
Batting: RHB Paul Martin
|
0-0: Fly out, F6 (Line Drive, 56)
|
Batting: RHB Miguel Hernández
|
0-0: Ball 1-0: Ball 2-0: SINGLE (Line Drive, 34D) Claudio Rodríguez to second
|
Batting: RHB Joe Courtier
|
0-0: Ball 1-0: Ball 2-0: Ball 3-0: Called Strike 3-1: Swinging Strike 3-2: Foul Ball, location: 2F 3-2: Foul Ball, location: 2F 3-2: Base on Balls Claudio Rodríguez to third Miguel Hernández to second
|
Batting: RHB Gary Thomas
|
0-0: SINGLE (Groundball, 34D) Claudio Rodríguez scores Miguel Hernández to third Joe Courtier to second Runner from 3rd tries for Home, SAFE, no throw
|
Batting: RHB Rafael Carreón
|
0-0: Swinging Strike 0-1: Foul Ball, location: 2F 0-2: Ball 1-2: Fly out, F8 (Flyball, 78D)
|
Batting: RHB Iván De Jesús
|
0-0: Ball 1-0: Ball 2-0: Foul Ball, location: 2F 2-1: SINGLE (Groundball, 34D) Joe Courtier to third Gary Thomas to second Runner from 3rd tries for Home, SAFE, throw made at trailing runner, SAFE at third!
|
Pitching: RHP Danny Bates
|
|
Batting: RHB Jeff Bane
|
0-0: Called Strike 0-1: Ball 1-1: Called Strike 1-2: Foul Ball, location: 2F 1-2: Ball 2-2: Ball 3-2: Strikes out swinging
|
Bottom of the 3rd over - 4 run(s), 5 hit(s), 0 error(s), 2 left on base; Kingston 0 - Rio Grande 6 |
TOP OF THE 4TH |
Kingston Iguanas batting - Pitching for Rio Grande Rattlesnake : RHP Gene O'Neal
|
Batting: RHB Luis Aguilar
|
0-0: SINGLE (Flyball, 89S)
|
Batting: LHB Carlton López
|
0-0: Swinging Strike 0-1: Swinging Strike 0-2: Ball 1-2: Foul Ball, location: 2F 1-2: Ground out 4-3 (Groundball, 34) Luis Aguilar to second
|
Batting: RHB Tim Davis
|
0-0: Ball 1-0: Ball 2-0: Ball 3-0: Base on Balls
|
Batting: RHB Matt Rodríguez
|
0-0: Called Strike 0-1: Ball 1-1: SINGLE (Line Drive, 78S) Luis Aguilar to third Tim Davis to second Runner from 3rd tries for Home, throw and OUT!
|
Batting: LHB Mike Godfrey
|
0-0: Called Strike 0-1: Foul Ball, location: 2F 0-2: Ball 1-2: Ball 2-2: SINGLE (Groundball, 34D) Tim Davis to third Matt Rodríguez to second Runner from 3rd tries for Home, SAFE, no throw
|
Batting: RHB Bobby Armstrong
|
0-0: Fly out, F8 (Flyball, 8RD)
|
Top of the 4th over - 1 run(s), 3 hit(s), 0 error(s), 2 left on base; Kingston 1 - Rio Grande 6 |
BOTTOM OF THE 4TH |
Rio Grande Rattlesnake batting - Pitching for Kingston Iguanas : RHP Danny Bates
|
Batting: SHB William Daly
|
0-0: Called Strike 0-1: Ball 1-1: Ball 2-1: Ball 3-1: Swinging Strike 3-2: Strikes out swinging
|
Batting: LHB Claudio Rodríguez
|
0-0: Foul Ball, location: 2F 0-1: SOLO HOME RUN (Flyball, 89XD), Distance : 373 ft
|
Batting: RHB Paul Martin
|
0-0: Foul Ball, location: 2F 0-1: Foul Ball, location: 2F 0-2: Strikes out swinging
|
Batting: RHB Miguel Hernández
|
0-0: Called Strike 0-1: Ball 1-1: Ball 2-1: Called Strike 2-2: Fly out, F9 (Flyball, 9S)
|
Bottom of the 4th over - 1 run(s), 1 hit(s), 0 error(s), 0 left on base; Kingston 1 - Rio Grande 7 |
TOP OF THE 5TH |
Kingston Iguanas batting - Pitching for Rio Grande Rattlesnake : RHP Gene O'Neal
|
Batting: LHB Will Holt
|
0-0: Foul Ball, location: 2F 0-1: Swinging Strike 0-2: Strikes out swinging
|
Batting: RHB Jesús Villalobos
|
0-0: Ball 1-0: Called Strike 1-1: Ball 2-1: Ball 3-1: Called Strike 3-2: Foul Ball, location: 2F 3-2: Foul Ball, location: 2F 3-2: Foul Ball, location: 2F 3-2: Base on Balls
|
Batting: RHB Francisco Martínez
|
0-0: Ball 1-0: Ball 2-0: Fly out, F7 (Flyball, 7)
|
Batting: RHB Luis Aguilar
|
0-0: Ball 1-0: Foul Ball, location: 2F 1-1: Foul Ball, location: 2F 1-2: Strikes out swinging
|
Top of the 5th over - 0 run(s), 0 hit(s), 0 error(s), 1 left on base; Kingston 1 - Rio Grande 7 |
BOTTOM OF THE 5TH |
Rio Grande Rattlesnake batting - Pitching for Kingston Iguanas : RHP Danny Bates
|
Batting: RHB Joe Courtier
|
0-0: Called Strike 0-1: Swinging Strike 0-2: Ball 1-2: Foul Ball, location: 2F 1-2: Ball 2-2: Strikes out swinging
|
Batting: RHB Gary Thomas
|
0-0: Swinging Strike 0-1: Ball 1-1: Foul Ball, location: 2F 1-2: Ball 2-2: SINGLE (Line Drive, 4D)
|
Batting: RHB Rafael Carreón
|
0-0: Ball 1-0: Foul Ball, location: 2F 1-1: Ball 2-1: Called Strike 2-2: Hit by Pitch Gary Thomas to second
|
Batting: RHB Iván De Jesús
|
0-0: Ball 1-0: Ball 2-0: Ball 3-0: Base on Balls Gary Thomas to third Rafael Carreón to second
|
Batting: RHB Jeff Bane
|
0-0: Called Strike 0-1: SINGLE (Groundball, 34D) Gary Thomas scores Rafael Carreón to third Iván De Jesús to second Runner from 3rd tries for Home, SAFE, throw made home Iván De Jesús to third Jeff Bane to second
|
Pitching: RHP José Pérez
|
|
Batting: SHB William Daly
|
0-0: Ball 1-0: Called Strike 1-1: Ball 2-1: Swinging Strike 2-2: Ball 3-2: Base on Balls
|
Batting: LHB Claudio Rodríguez
|
0-0: Ball 1-0: Called Strike 1-1: Foul Ball, location: 2F 1-2: SINGLE (Groundball, 3D) Iván De Jesús scores Jeff Bane to third William Daly to second Runner from 3rd tries for Home, SAFE, no throw
|
Batting: RHB Paul Martin
|
0-0: Ball 1-0: Ball 2-0: Ball 3-0: Called Strike 3-1: Foul Ball, location: 2F 3-2: Base on Balls William Daly to third Claudio Rodríguez to second
|
Batting: RHB Miguel Hernández
|
0-0: Ball 1-0: Ball 2-0: Ball 3-0: Base on Balls William Daly scores Claudio Rodríguez to third Paul Martin to second
|
Batting: RHB Joe Courtier
|
0-0: Ball 1-0: Called Strike 1-1: Foul Ball, location: 2F 1-2: Ground out 3-1 (Groundball, 34S) Claudio Rodríguez scores Paul Martin to third Miguel Hernández to second
|
Batting: RHB Gary Thomas
|
0-0: Ball 1-0: Called Strike 1-1: Fly out, F5 (Line Drive, 56)
|
Bottom of the 5th over - 6 run(s), 3 hit(s), 0 error(s), 2 left on base; Kingston 1 - Rio Grande 13 |
TOP OF THE 6TH |
Kingston Iguanas batting - Pitching for Rio Grande Rattlesnake : RHP Gene O'Neal
|
Batting: LHB Carlton López
|
0-0: Ball 1-0: Ground out 4-3 (Groundball, 4S)
|
Batting: RHB Tim Davis
|
0-0: Ball 1-0: Ground out 6-3 (Groundball, 6)
|
Batting: RHB Matt Rodríguez
|
0-0: Swinging Strike 0-1: SINGLE (Flyball, 89S)
|
Batting: LHB Mike Godfrey
|
0-0: Called Strike 0-1: Ball 1-1: Called Strike 1-2: Strikes out swinging
|
Top of the 6th over - 0 run(s), 1 hit(s), 0 error(s), 1 left on base; Kingston 1 - Rio Grande 13 |
BOTTOM OF THE 6TH |
Rio Grande Rattlesnake batting - Pitching for Kingston Iguanas : RHP José Pérez
|
Batting: RHB Rafael Carreón
|
0-0: Ball 1-0: Ball 2-0: Foul Ball, location: 2F 2-1: Ball 3-1: Fly out, F9 (Flyball, 89S)
|
Pinch Hitting: RHB Juan López
|
0-0: Called Strike 0-1: Foul Ball, location: 2F 0-2: Foul Ball, location: 2F 0-2: Ball 1-2: Ground out 5-3 (Groundball, 56S)
|
Batting: RHB Jeff Bane
|
0-0: Ball 1-0: SINGLE (Line Drive, 9S)
|
Batting: SHB William Daly
|
0-0: Called Strike 0-1: Ball 1-1: Ball 2-1: Fly out, F8 (Flyball, 8LM)
|
Bottom of the 6th over - 0 run(s), 1 hit(s), 0 error(s), 1 left on base; Kingston 1 - Rio Grande 13 |
TOP OF THE 7TH |
Kingston Iguanas batting - Pitching for Rio Grande Rattlesnake : RHP Gene O'Neal
|
Now at SS: Jeremy Holmes
|
|
Pinch Hitting: LHB Billy Anderson
|
0-0: DOUBLE (Line Drive, 89XD)
|
Batting: LHB Will Holt
|
0-0: Foul Ball, location: 2F 0-1: Swinging Strike 0-2: Ball 1-2: Strikes out swinging
|
Pitching: RHP Nelson Britt
|
|
Batting: RHB Jesús Villalobos
|
0-0: Ball 1-0: Ball 2-0: Ball 3-0: Called Strike 3-1: Fly out, F5 (Popup, 5L)
|
Batting: RHB Francisco Martínez
|
0-0: Ball 1-0: Fly out, F8 (Line Drive, 8RS)
|
Top of the 7th over - 0 run(s), 1 hit(s), 0 error(s), 1 left on base; Kingston 1 - Rio Grande 13 |
BOTTOM OF THE 7TH |
Rio Grande Rattlesnake batting - Pitching for Kingston Iguanas : RHP José Pérez
|
Now at 3B: Ken MacDonald
|
|
Batting: LHB Claudio Rodríguez
|
0-0: Ball 1-0: Called Strike 1-1: Ball 2-1: Called Strike 2-2: Foul Ball, location: 2F 2-2: Ball 3-2: Base on Balls
|
Batting: RHB Paul Martin
|
0-0: Called Strike 0-1: Ball 1-1: SINGLE (Groundball, 4MD) Claudio Rodríguez to second
|
Batting: RHB Miguel Hernández
|
0-0: Fly out, F9 (Flyball, 9)
|
Pitching: RHP Chandler Lindsey
|
|
Batting: RHB Joe Courtier
|
0-0: Called Strike 0-1: Foul Ball, location: 2F 0-2: SINGLE (Line Drive, 89S) Claudio Rodríguez to third Paul Martin to second Runner from 3rd tries for Home, SAFE, throw made home Paul Martin to third Joe Courtier to second
|
Now in RF: Bob Greene
|
|
Batting: RHB Gary Thomas
|
0-0: Ball 1-0: Swinging Strike 1-1: Called Strike 1-2: Ground out 6-3 (Groundball, 6MD) Paul Martin scores Joe Courtier to third
|
Batting: RHB Rafael Carreón
|
0-0: Ball 1-0: Ball 2-0: Foul Ball, location: 2F 2-1: Fly out, F4 (Popup, 34D)
|
Bottom of the 7th over - 2 run(s), 2 hit(s), 0 error(s), 1 left on base; Kingston 1 - Rio Grande 15 |
TOP OF THE 8TH |
Kingston Iguanas batting - Pitching for Rio Grande Rattlesnake : RHP Nelson Britt
|
Batting: RHB Luis Aguilar
|
0-0: Ball 1-0: Ball 2-0: Called Strike 2-1: SINGLE (Line Drive, 4MD)
|
Batting: LHB Carlton López
|
0-0: Ball 1-0: DOUBLE (Line Drive, 9LM) Luis Aguilar to third
|
Batting: LHB Bob Greene
|
0-0: Ball 1-0: Ball 2-0: Called Strike 2-1: Ball 3-1: Base on Balls
|
Batting: RHB Matt Rodríguez
|
0-0: Ball 1-0: Called Strike 1-1: Grounds into double play, 4-6-3 (Groundball, 4) Luis Aguilar scores Carlton López to third
|
Batting: LHB Mike Godfrey
|
0-0: Ball 1-0: Foul Ball, location: 2F 1-1: Ball 2-1: Ball 3-1: Base on Balls
|
Batting: RHB Ken MacDonald
|
0-0: Called Strike
|
|
|
Thursday, March 30th, 2017 - OOTP Baseball 17.12 Build 75
|
|